 Dungeon Sprint DCSS version 0.27-a0-819-g058290f16d (webtiles) character file.

Game seed: 15866509294303245559

499 rocky1 the Scholar (level 6, -11/76 HPs)
             Began as a Demonspawn Venom Mage on Mar 30, 2021.
             Was an Elder of Sif Muna.
             Mangled by a shadow wraith (19 damage)
             ... in the Dungeon (Sprint VII: "The Pits").
             The game lasted 00:05:39 (559 turns).

rocky1 the Scholar (Demonspawn Venom Mage)           Turns: 559, Time: 00:05:39

Health: -11/76     AC:  9    Str:  8    XL:     6   Next: 94%
Magic:  14/14      EV: 14    Int: 19    God:    Sif Muna [****..]
Gold:   0          SH:  0    Dex: 13    Spells: 0/15 levels left

rFire    . . .     SeeInvis .   l - +0 quarterstaff (protect)
rCold    . . .     Faith    .   (shield currently unavailable)
rNeg     . . .     Spirit   .   a - +0 robe
rPois    .         Reflect  .   (no helmet)
rElec    .         Harm     .   (no cloak)
rCorr    .         Rampage  .   (no gloves)
Will     .....     NoTele   +   (no boots)
Stlth    ..........             (no amulet)
HPRegen  0.22/turn              (no ring)
MPRegen  0.14/turn              (no ring)

@: berserking, protection aura, slowed
A: claws 2, powered by death 3
a: Renounce Religion, Channel Magic, Forget Spell, Divine Exegesis


You were in the Dungeon.
You worshipped Sif Muna.
Sif Muna was greatly pleased with you.
You visited 1 branch

Inventory:

Hand Weapons
 k - a +1 hand axe of freezing
 l - a +0 quarterstaff of protection (weapon)
Armour
 a - a +0 robe (worn)
Scrolls
 h - a scroll of blinking
 i - 5 scrolls of amnesia
 j - a scroll of summoning
Potions
 b - 2 potions of invisibility
 c - 6 potions of curing
 d - 5 potions of heal wounds
 e - a potion of haste
 f - 4 potions of magic
 g - 2 potions of berserk rage


   Skills:
 - Level 5.3 Fighting
 - Level 4.8 Staves
 - Level 5.4 Dodging
 - Level 1.7 Stealth
 + Level 5.4 Spellcasting
 + Level 0.3 Conjurations
 + Level 0.2 Translocations
 + Level 5.1 Transmutations
 + Level 0.2 Fire Magic
 + Level 0.2 Air Magic
 + Level 6.4 Poison Magic
 + Level 7.2 Invocations


You couldn't memorise any spells.
You knew the following spells:

 Your Spells              Type           Power      Damage    Failure   Level
a - Sting                 Tmut/Pois      100%       1d8       1%          1
b - Poisonous Vapours     Pois/Air       34%        N/A       4%          2
c - Ignite Poison         Fire/Tmut/Pois 20%        N/A       7%          3
d - Mephitic Cloud        Conj/Pois/Air  14%        N/A       14%         3
e - Olgreb's Toxic Radia  Pois           29%        N/A       9%          4
f - Blink                 Tloc           N/A        N/A       16%         2

Your spell library contained the following spells:

 Spells                   Type           Power      Damage    Failure   Level
 Apportation              Tloc           12%        N/A       11%         1
 Summon Forest            Summ/Tloc      2%         N/A       97%         5
 Dispersal                Tloc           3%         N/A       100%        6


Dungeon Overview and Level Annotations

Branches:
Dungeon (1/1)

Altars:
Ashenzari
Cheibriados
Dithmenos
Elyvilon
Fedhas
Gozag
Hepliaklqana
Kikubaaqudgha
Makhleb
Nemelex Xobeh
Okawaru
Qazlal
Ru
Sif Muna
Trog
Uskayaw
Vehumet
Wu Jian
Xom
Yredelemnul
Zin
The Shining One
Beogh
Jiyva
Lugonu


Innate Abilities, Weirdness & Mutations

You have very sharp fingernails.
You regenerate a lot of health from kills.


Message History

An iguana comes into view.
Casting: Sting (safe; 1% risk of failure)
Confirm with . or Enter, or press ? or * to list all spells.
Aiming: Sting (safe; 1% risk of failure)
Press: ? - help, Shift-Dir - straight line, f - iguana
Aim: an iguana (asleep, 0% to evade)
The sting hits the iguana but does no damage.
The iguana is poisoned.
The iguana hisses angrily.
Unknown command.
You hit the iguana but do no damage.
Your weapon exudes an aura of protection.
The iguana barely misses you.
You hit the iguana.
The iguana is moderately wounded.
The iguana misses you.
You sock the iguana!
The iguana is almost dead.
You kill the iguana!
Sif Muna accepts your kill.
There is an open door here.
You see here an iguana corpse.
As you open the door, it creaks loudly!
You hear a chilling moan.
Which direction?
Something is blocking the doorway!
Something hits you!
Deactivating autopickup; reactivate with Ctrl-A.
You closely miss something. Something hits you!
Unknown command.
You feel much better. Something hits you!
A red film seems to cover your vision as you go berserk!
You feel yourself moving faster!
You feel mighty! Something hits you!! Something drains your vigour!
You feel yourself slow down.
You closely miss something. Something hits you!!
* * * LOW HITPOINT WARNING * * *
You hit something.
Your weapon exudes an aura of protection.
Something barely misses you.
You hit something. Something hits you but does no damage.
You sock something! Something hits you!!
You die...

#†#........##.......#
#)###########.......#
#†.#.#.## #########
#)......# ##.#÷#.##
#.......#+#
##.#.#.##.+
#.......#{#
##.#.#..†@#
##########


There were no monsters in sight!

Vanquished Creatures
  2 floating eyes (D)
  A black bear (D)
  A wolf (D)
  A gnoll sergeant (D)
  A scorpion (D)
  An iguana (D)
  5 gnolls (D)
  An adder (D)
  A river rat (D)
  A giant cockroach (D)
  A goblin (D)
  2 hobgoblins (D)
  A ball python (D)
  A frilled lizard (D)
  A rat (D)
21 creatures vanquished.

Notes
Turn   | Place    | Note
-------+----------+-------------------------------------------
     0 | D        | rocky1 the Demonspawn Venom Mage began the quest for the
                  | Orb.
     0 | D        | Reached XP level 1. HP: 13/13 MP: 3/3
    18 | D        | Found a bloodstained altar of Trog.
    18 | D        | Found a shimmering blue altar of Sif Muna.
    18 | D        | Found a viscous altar of Jiyva.
    18 | D        | Found a hazy altar of Hepliaklqana.
    18 | D        | Found an opulent altar of Gozag.
    19 | D        | Found a basalt altar of Yredelemnul.
    19 | D        | Found a shimmering altar of Xom.
    19 | D        | Found an ornate altar of the Wu Jian Council.
    19 | D        | Found a sacrificial altar of Ru.
    19 | D        | Found a stormy altar of Qazlal.
    19 | D        | Found an iron altar of Okawaru.
    19 | D        | Found a sparkling altar of Nemelex Xobeh.
    19 | D        | Found a burning altar of Makhleb.
    19 | D        | Found a blossoming altar of Fedhas.
    19 | D        | Found a shadowy altar of Dithmenos.
    19 | D        | Found a snail-covered altar of Cheibriados.
    22 | D        | Found a corrupted altar of Lugonu.
    22 | D        | Found a radiant altar of Vehumet.
    23 | D        | Found an ancient bone altar of Kikubaaqudgha.
    23 | D        | Found a hide-covered altar of Uskayaw.
    23 | D        | Found a broken altar of Ashenzari.
    24 | D        | Became a worshipper of Sif Muna the Loreminder
    65 | D        | Noticed a floating eye
    68 | D        | Paralysed by a floating eye for 2 turns
    72 | D        | Killed a floating eye
    73 | D        | Reached skill level 4 in Invocations
    73 | D        | Gained mutation: You have sharp fingernails. [demonic
                  | ancestry]
    73 | D        | Reached XP level 2. HP: 23/23 MP: 3/6
    73 | D        | Gained mutation: You regenerate a little health from kills.
                  | [demonic ancestry]
    73 | D        | Reached XP level 3. HP: 28/28 MP: 4/8
    73 | D        | Gained mutation: You regenerate health from kills. [demonic
                  | ancestry]
    73 | D        | Reached XP level 4. HP: 34/34 MP: 4/9
   118 | D        | Noticed a floating eye
   120 | D        | Paralysed by a floating eye for 2 turns
   125 | D        | Reached * piety under Sif Muna
   129 | D        | Paralysed by a floating eye for 4 turns
   133 | D        | Killed a floating eye
   134 | D        | Reached skill level 5 in Poison Magic
   134 | D        | Reached skill level 5 in Invocations
   134 | D        | Gained mutation: You regenerate a lot of health from kills.
                  | [demonic ancestry]
   134 | D        | Reached XP level 5. HP: 25/42 MP: 9/11
   252 | D        | Learned a level 2 spell: Poisonous Vapours
   256 | D        | Learned a level 3 spell: Ignite Poison
   260 | D        | Learned a level 3 spell: Mephitic Cloud
   274 | D        | Reached ** piety under Sif Muna
   275 | D        | Reached skill level 6 in Invocations
   275 | D        | Gained mutation: You have very sharp fingernails. [demonic
                  | ancestry]
   275 | D        | Reached XP level 6. HP: 36/49 MP: 9/13
   339 | D        | Learned a level 4 spell: Olgreb's Toxic Radiance
   351 | D        | Reached *** piety under Sif Muna
   355 | D        | Reached skill level 5 in Fighting
   355 | D        | Reached skill level 5 in Dodging
   355 | D        | Reached skill level 5 in Spellcasting
   359 | D        | Reached **** piety under Sif Muna
   371 | D        | Reached skill level 5 in Transmutations
   371 | D        | Reached skill level 7 in Invocations
   372 | D        | Reached ***** piety under Sif Muna
   372 | D        | Identified Sif Muna's Grimoire of Intoxication and the
                  | Traveller (Sif Muna gifted it to you in the Dungeon)
   372 | D        | Received a gift from Sif Muna
   529 | D        | Learned a level 2 spell: Blink
   559 | D        | Mangled by a shadow wraith

Illustrated notes

Levels and vault maps discovered:
D:        pitsprint [storerooms_1, entrance_room_1, metal_vault_2, armoury_2,
          mini_pit_1, grid_room_1, main_hall_1, silver_pit, the_coven_1,
          the_vestibule_1, steel_vault_5, golden_pit, hallway_of_sentries,
          crystal_vault_4, iron_vault_2, final_vault]

Skill      XL: |  1  2  3  4  5  6 |
---------------+-------------------+-----
Fighting       | 2 4 5 |  5.3
Staves         | 2 3 4 |  4.8
Dodging        | 3 4 5 |  5.4
Spellcasting   | 3 4 5 |  5.4
Transmutations | 3 4 5 |  5.1
Poison Magic   | 4 5 6 |  6.4
Invocations    | 4 5 6 7 |  7.2
Stealth        | |  1.7
Conjurations   | |  0.3
Translocations | |  0.2
Fire Magic     | |  0.2
Air Magic      | |  0.2

Action                   |  1- 3 |  4- 6 || total
-------------------------+-------+-------++-------
Melee: Quarterstaff      |     6 |    43 ||    49
 Cast: Sting             |     1 |    12 ||    13
       Mephitic Cloud    |       |     3 ||     3
  Use: Potion            |       |     2 ||     2
 Stab: Confused          |       |     3 ||     3
Armor: Robe              |       |     2 ||     2
Dodge: Dodged            |       |    22 ||    22

Table legend: (Time is in decaauts)
 A = Elapsed time spent in this place.
 B = Non-inter-level travel time spent in this place.
 C = Inter-level travel time spent in this place.
 D = Time resting spent in this place.
 E = Time spent auto-exploring this place.
 F = Levels seen in this place.
 G = Mean time per level.
                   A        B        C        D        E       F      G
               +--------+--------+--------+--------+--------+-----+--------+
         Total |    564 |    564 |      0 |    276 |      0 |   1 |  564.0 |
       Dungeon |    564 |    564 |      0 |    276 |      0 |   1 |  564.0 |
               +--------+--------+--------+--------+--------+-----+--------+

Top non-repeatable levels by time:
       D: 564 daAuts
